AoeStats
← Hogos

Arabia

509038702Analyzed
2v2 RM · 8d ago on Sep 25, 2026· 46m 28s· 4 players
Game mode
Random Map
Map size
Medium (4 player)
Population
200
Speed
Normal
Resources
Standard
Victory
Conquest
Starting age
Dark Age
Ending age
Imperial Age
RankedLock teamsTeams togetherTeam positionsShared explorationLock speedFull tech treeHidden civsTurbo modeCheats
Victory
Defeat
🇺🇸 Khmer · United States
1260
+15
🇨🇳 Franks · China
1210
+16
🇲🇽 Saxons · Mexico
1235
-16
🇲🇽 Varangians · Mexico
1217
-15
Hogos
7:32 Loom
9:35 Feudal Age
10:17 Double-Bit Axe
10:13 Horse Collar
19:37 Castle Age
17:44 Gold Mining
19:31 Fletching
19:41 Crossbowman
20:18 Bodkin Arrow
20:35 Bow Saw
20:33 Heavy Plow
23:58 Wheelbarrow
23:08 Town Watch
23:43 Pikeman
27:35 Squires
28:24 Scale Mail Armor
28:37 Forging
30:18 Hand Cart
36:58 Imperial Age
36:18 Chain Mail Armor
36:38 Iron Casting
37:56 Halberdier
39:06 Arbalester
39:52 Thumb Ring
41:32 Gold Shaft Mining
41:37 Bracer
41:46 Siege Engineers
42:05 Ballistics
42:51 Chemistry
44:41 Two-Man Saw
44:13 Crop Rotation
44:59 Treadmill Crane
45:29 Masonry
45:28 Shield Wall
46:29 Conscription
GianpaMX
6:39 Loom
9:25 Feudal Age
10:48 Horse Collar
19:06 Wheelbarrow
19:34 Gold Mining
22:02 Castle Age
21:14 Forging
21:16 Bloodlines
23:18 Double-Bit Axe
23:42 Husbandry
24:51 Iron Casting
27:06 Fervor
28:31 Scale Barding Armor
35:23 Atonement
44:56 Scale Mail Armor
45:05 Pikeman
46:45 Squires
软脚虾
10:29 Feudal Age
9:57 Loom
11:27 Double-Bit Axe
14:11 Forging
20:24 Castle Age
19:55 Scale Barding Armor
21:46 Chain Barding Armor
24:08 Gold Mining
25:39 Town Watch
27:40 Wheelbarrow
28:21 Husbandry
28:59 Hand Cart
31:35 Town Patrol
33:28 Iron Casting
34:58 Fletching
36:13 Gold Shaft Mining
40:55 Imperial Age
38:45 Bow Saw
38:54 Scale Mail Armor
39:47 Stone Mining
42:01 Chain Mail Armor
41:10 Ordonnance Companies
42:39 Cavalier
44:17 Plate Barding Armor
45:47 Blast Furnace
Abhinavcj
6:28 Loom
8:30 Feudal Age
9:18 Double-Bit Axe
10:25 Horse Collar
15:27 Scale Barding Armor
16:32 Forging
20:26 Castle Age
18:54 Gold Mining
19:36 Bloodlines
21:15 Husbandry
21:55 Bow Saw
23:22 Heavy Plow
26:14 Wheelbarrow
27:36 Gold Shaft Mining
28:11 Devotion
29:11 Hand Cart
31:49 Chain Barding Armor
32:40 Iron Casting
33:41 Light Cavalry
38:53 Imperial Age
38:43 Fletching
38:59 Elite Battle Elephant
40:32 Faith
42:42 Plate Barding Armor
43:08 Blast Furnace
43:02 Crop Rotation
45:52 Hussar
Connection lost

Rejoining the realm…

Still unreachable

The connection could not be restored.

Session expired

The server has moved on; the page needs a fresh start.